 Dungeon Crawl Stone Soup version 0.29.1-15-g9cfb28693d (webtiles) character file.

Game seed: 3684845125293040078

1177 Heoruswealwe the Shooter (level 7, -6/60 HPs)
             Began as a Demigod Hunter on Mar 26, 2023.
             Killed from afar by a white imp (7 damage)
             ... with a puff of frost
             ... on level 5 of the Dungeon.
             The game lasted 00:54:04 (3820 turns).

Heoruswealwe the Shooter (Demigod Hunter)           Turns: 3820, Time: 00:54:05

Health: -6/60      AC:  5    Str: 17    XL:     7   Next: 98%
Magic:  9/9        EV: 15    Int: 11    God:
Gold:   261        SH:  0    Dex: 25    Spells: 6/6 levels left

rFire   + . .      SeeInvis .   b - +7 dagger "Pusuaf" {drain, rF+ rN+ rCorr Str+5}
rCold   . . .      Faith    .   (no shield)
rNeg    + + .      Spirit   .   c - +0 leather armour
rPois   .          Reflect  .   g - +0 hat
rElec   .          Harm     .   (no cloak)
rCorr   +          Rampage  .   f - +0 pair of gloves
Will    .....                   e - +0 pair of boots
Stlth   +++.......              i - amulet of regeneration
HPRegen 1.00/turn               k - ring of wizardry
MPRegen 0.11/turn               j - ring of positive energy

@: no status effects
A: high MP 1, forlorn, divine attributes
a: no special abilities


You were on level 5 of the Dungeon.
You visited 1 branch of the dungeon, and saw 5 of its levels.
You also visited: Sewer.

You collected 261 gold pieces.

Inventory:

Hand Weapons
 a - a +0 shortbow
 b - the +7 dagger "Pusuaf" (weapon) {drain, rF+ rN+ rCorr Str+5}
   (You found it on level 4 of the Dungeon)

   A truly terrible weapon, it drains the life of any living foe it strikes.
   Str:       It affects your strength (+5).
   rF:        It protects you from fire.
   rN:        It protects you from negative energy.
   rCorr:     It protects you from acid and corrosion.
 u - a +0 broad axe
Armour
 c - a +0 leather armour (worn)
 e - a +0 pair of boots (worn)
 f - a +0 pair of gloves (worn)
 g - a +0 hat (worn)
Jewellery
 i - an amulet of regeneration (around neck)
 j - a ring of positive energy (right hand)
 k - a ring of wizardry (left hand)
Wands
 r - a wand of flame (5)
Scrolls
 o - a scroll of enchant weapon
 s - 3 scrolls of enchant armour {unknown}
 t - 3 scrolls of amnesia {unknown}
 v - a scroll of teleportation {unknown}
 y - a scroll of butterflies {unknown}
Potions
 d - 5 potions of attraction {unknown}
 h - 3 potions of flight {unknown}
 l - a potion of lignification {unknown}
 m - a potion of curing {unknown}
 n - 3 potions of heal wounds {unknown}
 q - 2 potions of cancellation {unknown}
 w - a potion of ambrosia {unknown}
 x - 2 potions of haste {unknown}
 z - 2 potions of might {unknown}
 A - a potion of mutation {unknown}
 B - a potion of degeneration {unknown}


   Skills:
 + Level 4.7 Fighting
 + Level 5.7 Ranged Weapons
 + Level 4.7 Dodging
 + Level 4.8 Stealth


You had 6 spell levels left.
You didn't know any spells.
Your spell library contained the following spells:

 Spells                   Type           Power      Damage    Failure   Level
 Sandblast                Erth           0%         2d4       17%         1
 Passwall                 Tmut/Erth      0%         N/A       26%         2
 Confusing Touch          Hex            0%         N/A       45%         3
 Stone Arrow              Conj/Erth      0%         3d7       45%         3
 Yara's Violent Unravell  Hex/Tmut       0%         3d3       99%         5
 Enfeeble                 Hex            0%         N/A       100%        7


Dungeon Overview and Level Annotations

Branches:
Dungeon (5/15)             Temple (0/1) D:5           Sewer (visited)

Shops:
D:3 !

Annotations:
D:5 engelados's ghost, novice DECj


Innate Abilities, Weirdness & Mutations

You have an increased reservoir of magic. (+10% MP)
You shall have no god before yourself.
Your divine heritage dramatically boosts your attributes as you level up.


Message History

You feel sick. The orc barely misses you. The white imp gestures at you.
The puff of frost misses you.
Engelados's ghost gestures at you while chanting.
The magic dart hits you!
You barely miss the white imp.
The white imp is heavily wounded.
You feel sick. The orc hits you with a +0 short sword.
The white imp gestures at you. The puff of frost hits you!
* * * LOW HITPOINT WARNING * * *
Engelados's ghost points at you and mumbles some strange words.
The magic dart hits you.
* * * LOW HITPOINT WARNING * * *
You enter the transporter and appear at another place.
You feel sick. The orc hits you but does no damage.
The white imp hits you but does no damage.
Engelados's ghost hits you but does no damage.
You are more poisoned.
Blink to where?
Press: ? - help, Dir - move target
As you read the scroll of blinking, it crumbles to dust.
You feel very sick.
Engelados's ghost gestures at you while chanting.
The magic dart hits you.
* * * LOW HITPOINT WARNING * * *
* * * LOW HITPOINT WARNING * * *
You feel sick.
You feel sick.
* * * LOW HITPOINT WARNING * * *
You feel sick.
You feel sick.
You feel sick.
You feel sick.
You feel sick.
You feel sick.
You are no longer poisoned.
The white imp gestures at you. The puff of frost hits you!
You die...

#...#########.....
#.W##8.....8##....
#.5#........§#....
#..#.......†.#....
#..#.........#....
#o.#....©....#..##
#..#.........#..#.
#..#D........#..#.
#@.#.........#....
#..##8.....8##..#.
#...#########...#.
##.......©.......##
##..................
#.....#.............
##.............###..
####.........###..#
#####.........####.#


You could see a steam dragon, engelados's ghost, a white imp and an orc.

Vanquished Creatures
  A wyvern (D:5)
  A water moccasin (Sewer)
  A wolf (D:5)
  2 gnoll sergeants (D:5)
  A killer bee (D:5)
  5 hounds (D:5)
  2 jellies
  2 gnoll boudas (D:5)
  4 orc wizards (D:5)
  2 iguanas
  9 gnolls (D:5)
  7 adders
  2 white imps (D:5)
  A worm (D:2)
  A dart slug (D:4)
  3 orcs (D:4)
  9 ball pythons
  4 endoplasms
  5 giant cockroaches
  3 goblins
  4 hobgoblins
  11 jackals
  10 kobolds
  6 quokkas
  14 bats
  5 frilled lizards
  5 rats
120 creatures vanquished.

Notes
Turn   | Place    | Note
-------+----------+-------------------------------------------
     0 | D:1      | Heoruswealwe the Demigod Hunter began the quest for the
                  | Orb.
     0 | D:1      | Reached XP level 1. HP: 17/17 MP: 3/3
    47 | D:1      | Reached skill level 1 in Stealth
   117 | D:1      | Reached XP level 2. HP: 17/24 MP: 4/4
   544 | D:2      | Reached XP level 3. HP: 29/29 MP: 5/5
   739 | D:2      | Reached skill level 4 in Ranged Weapons
  1332 | D:2      | Reached XP level 4. HP: 17/37 MP: 6/6
  1417 | D:1      | You fall into a shaft and drop 1 floor!
  1735 | D:3      | Found Qeur Aru's Distillery.
  2598 | D:4      | Identified the +7 dagger "Pusuaf" {drain, rF+ rN+ rCorr
                  | Str+5}
  2641 | D:4      | Reached XP level 5. HP: 44/44 MP: 7/7
  2958 | D:5      | Entered Level 5 of the Dungeon
  2983 | D:5      | Reached XP level 6. HP: 40/51 MP: 8/8
  3220 | D:5      | Found a glowing drain.
  3237 | Sewer    | Entered a sewer
  3267 | Sewer    | Noticed a water moccasin
  3279 | Sewer    | Killed a water moccasin
  3280 | Sewer    | Reached skill level 5 in Ranged Weapons
  3280 | Sewer    | Reached XP level 7. HP: 48/58 MP: 9/9
  3397 | D:5      | Found a staircase to the Ecumenical Temple.
  3436 | D:5      | Noticed a wyvern
  3442 | D:5      | Killed a wyvern
  3522 | D:5      | Found a transporter.
  3525 | D:5      | Noticed engelados's ghost (novice DECj)
  3527 | D:5      | Noticed a steam dragon
  3604 | D:5      | Found a transporter.
  3812 | D:5      | HP: 3/60 [engelados's ghost/magic dart (2)]
  3815 | D:5      | HP: 1/60 [poisoned by engelados's ghost]
  3820 | D:5      | HP: 1/60 [poisoned by engelados's ghost]
  3820 | D:5      | Killed from afar by a white imp

Illustrated notes

Levels and vault maps discovered:
D:1:      amcnicky_arrival_blooded_trapdoor, layout_rooms
D:2:      layout_loops_corners, minmay_misc_feat_x
D:3:      layout_loops_cross, serial_shops, shop, ebering_ecumenical_altar_rust
D:4:      layout_rooms
D:5:      layout_cave_pools, minmay_temple_entry_ruins, portal_sewer_entry_f,
          gammafunk_ghost_arena, serial_gnoll_camp, gnoll_camp_mini_hut,
          gnoll_camp_medium_01, gnoll_camp_mini_basic, gnoll_camp_mini_doghouse,
          minmay_a_box_with_orc_wizards_in_it

Skill      XL: |  1  2  3  4  5  6  7 |
---------------+----------------------+-----
Stealth        | 1 2 3 4 |  4.8
Fighting       | 2 3 4 |  4.7
Dodging        | 2 3 4 |  4.7
Ranged Weapons | 4 5 |  5.7

Action                   |  1- 3 |  4- 6 |  7- 9 || total
-------------------------+-------+-------+-------++-------
Melee: Quarterstaff      |       |     1 |       ||     1
       Dagger            |       |    47 |    81 ||   128
       Punch             |       |       |     1 ||     1
 Fire: Shortbow          |   139 |   101 |    14 ||   254
  Use: Scroll            |       |     6 |     2 ||     8
Armor: Leather armour    |    24 |    39 |    29 ||    92
Dodge: Dodged            |    49 |   117 |   121 ||   287
